 Dungeon Crawl Stone Soup version 0.31-a0-175-g9f7f995f2b (webtiles) character file.

Game seed: 13230776668171900990

4050 qw the Skirmisher (level 10, 0/55 (64) HPs)
             Began as a Gargoyle Hunter on June 16, 2023.
             Was a Follower of Okawaru.
             Slain by an orc warrior
             ... wielding a +0 halberd
              (5 damage)
             ... on level 10 of the Dungeon.
             The game lasted 00:02:40 (5835 turns).

qw the Skirmisher (Gargoyle Hunter)                 Turns: 5835, Time: 00:02:40

HP:   0/55 (64)     AC: 14    Str: 15    XL:     10   Next: 24%
MP:   12/13         EV: 16    Int: 10    God:    Okawaru [*.....]
Gold: 587           SH:  0    Dex: 17    Spells: 9/9 levels left

rFire   . . .        Y - +0 orcbow
rCold   . . .        (shield currently unavailable)
rNeg    + . .        l - +0 leather armour "Jecwaath" {+Blink Regen+ rCorr}
rPois   inf          (no helmet)
rElec   +            (no cloak)
rCorr   +            e - +0 pair of gloves
SInv    .            n - +0 pair of boots
Will    .....        (no amulet)
Stlth   +++          (no ring)
HPRegen 1.09/turn    (no ring)
MPRegen 0.13/turn

%: no passive effects
@: heroic, heavily drained
A: sickness immunity, AC +7, negative energy resistance 1, electricity
resistance, torment resistance 1, petrification resistance
a: Renounce Religion, Evoke Blink, Heroism


You were on level 10 of the Dungeon.
You worshipped Okawaru.
Okawaru was aware of your devotion.
You visited 1 branch of the dungeon, and saw 9 of its levels.

You collected 587 gold pieces.


Innate Abilities, Weirdness & Mutations

You are immune to sickness and miasma.
Your stone body is resilient. (AC +7)
You are immune to poison.
You resist negative energy. (rN+)
You are resistant to electric shocks. (rElec)
You are resistant to unholy torment.
You are immune to petrification.


   Skills:
 - Level 8.0(13.0) Fighting
 + Level 11.5(16.5) Ranged Weapons
 - Level 4.6(9.6) Armour
 - Level 3.0(8.0) Dodging
 - Level 1.1(6.1) Stealth
 - Level 4.0 Invocations


You had 9 spell levels left.
You didn't know any spells.
Your spell library was empty.

Inventory:

Hand Weapons
 Y - a +0 orcbow (weapon)
Armour
 e - a +0 pair of gloves (worn)
 l - the +0 leather armour "Jecwaath" (worn) {+Blink Regen+ rCorr}
   (You found it on level 6 of the Dungeon)

   +Blink:    It lets you blink.
   Regen:     It increases your rate of health regeneration.
   rCorr:     It protects you from acid and corrosion.
 n - a +0 pair of boots (worn)
Jewellery
 f - an amulet of guardian spirit
Scrolls
 a - a scroll of identify
Potions
 b - 3 potions of cancellation
 c - a potion of lignification
 d - a potion of curing
 g - a potion of might
 k - a potion of ambrosia {unknown}
 o - a potion of attraction {unknown}
 r - a potion of magic {unknown}

Dungeon Overview and Level Annotations

Branches:
Dungeon (10/15)            Temple (0/1) D:6             Orc (0/2) D:10
   Lair: D:8-11

Altars:
Elyvilon
Fedhas
Nemelex Xobeh
Okawaru
Qazlal
Ru
Wu Jian
Xom
Yredelemnul
The Shining One


Message History

2 orc priests come into view.
A warg comes into view.
An orc warrior comes into view. It is wielding a +0 halberd.
Found 2 scrolls of fear.
5824 ||| INVOKING Heroism.
You gain the combat prowess of a mighty hero.
You shoot an arrow. The orc warrior shouts!
The arrow hits the warg!!
The warg is heavily wounded.
The warg bites you!
You shoot an arrow.
The arrow hits the warg but does no damage.
The warg is heavily wounded.
The warg bites you.
The orc warrior hits you from afar with a +0 halberd!
You shoot an arrow. The arrow closely misses the warg.
The warg barely misses you. The orc warrior closely misses you.
You shoot an arrow. The arrow hits the warg!
The warg is almost dead.
The warg bites you!
The orc warrior hits you from afar with a +0 halberd!
You shoot an arrow. The arrow hits the warg.
The warg is almost dead.
The warg bites you but does no damage.
You shoot an arrow. The arrow closely misses the warg.
The warg misses you.
The orc warrior hits you from afar with a +0 halberd!
You shoot an arrow. The arrow closely misses the warg.
The warg misses you. The orc warrior misses you.
You shoot an arrow. The arrow closely misses the warg.
The warg barely misses you.
You shoot an arrow. The arrow hits the warg!
You kill the warg!
Okawaru accepts your kill. The orc warrior completely misses you.
5834 ||| Stepping ~*~*~tactically~*~*~ (outnumbered).
You shoot an arrow.
The arrow hits the orc warrior but does no damage.
The orc warrior hits you from afar with a +0 halberd.
You die...

.# .#
#+##########.##
##.. .....##...#
##... ##.......#
#.8.##..##.8....##
#...o.o?.+......>#
#.8.## ##.8....##
##.@.####.......#
##........##...#
#+##########.## .#
.# ##


You could see an orc warrior.

Vanquished Creatures
  Maggie (D:7)
  A hornet (D:8)
  Grinder (D:3)
  A steam dragon (D:6)
  A warg (D:10)
  3 water moccasins
  2 orc warriors (D:7)
  Duvessa (D:7)
  An ice beast (D:6)
  3 ogres
  A black bear (D:5)
  A phantom (D:5)
  2 centaurs (D:8)
  3 kobold brigands
  5 bullfrogs
  4 wights (D:8)
  Dowan (D:7)
  A jelly (D:4)
  5 orc priests
  6 hounds
  4 sleepcaps
  A gnoll bouda (D:7)
  Ijyb (D:3)
  5 orc wizards
  Natasha (D:3)
  3 iguanas (D:6)
  Terence (D:2)
  15 gnolls
  3 adders
  A white imp (D:6)
  An ufetubus (D:6)
  5 worms
  2 dart slugs
  26 orcs
  5 endoplasms
  3 giant cockroaches
  6 hobgoblins
  17 kobolds
  9 quokkas
  9 ball pythons
  A bat (D:3)
  3 frilled lizards
  4 goblins
  6 rats
176 creatures vanquished.

Notes
Turn   | Place    | Note
-------+----------+-------------------------------------------
     0 | D:1      | qw the Gargoyle Hunter began the quest for the Orb.
     0 | D:1      | Reached XP level 1. HP: 12/12 MP: 1/1
     0 | D:1      | 0 ||| qw: Version: 0.2-a-29-g511e9b1
     0 | D:1      | 0 ||| qw: Game counter: 5712
     0 | D:1      | 0 ||| qw: Always use a shield: true
     0 | D:1      | 0 ||| qw: God list: Okawaru
     0 | D:1      | 0 ||| qw: Allow faded altars: false
     0 | D:1      | 0 ||| qw: Do Orc after D:15 true
     0 | D:1      | 0 ||| qw: Do second Lair branch before Depths: true
     0 | D:1      | 0 ||| qw: Lair rune preference: random
     0 | D:1      | 0 ||| qw: Plans: Normal, Zot:1-4, Slime:5, God:TSO, Crypt,
                  | Tomb, Abyss, Pan, Hells, Win
     0 | D:1      | 0 ||| PLANNING D:1-11
    52 | D:1      | 52 ||| FLEEEEING.
   123 | D:1      | Reached XP level 2. HP: 17/17 MP: 2/2
   558 | D:1      | 558 ||| UPGRADING to +0 pair of gloves.
   563 | D:1      | 563 ||| UPGRADING to amulet of guardian spirit.
   568 | D:1      | 568 ||| READING scroll labelled SAQAMIL FU QUF.
   569 | D:1      | 569 ||| DROPPING scroll of butterflies.
   614 | D:2      | Reached skill level 5 in Ranged Weapons
   614 | D:2      | Reached XP level 3. HP: 20/21 MP: 1/3
   750 | D:2      | Identified the +5 sling of Egomania {heavy, Drain Fly rF-
                  | Int+7}
   752 | D:2      | 752 ||| UPGRADING to +5 sling of Egomania {heavy, Drain Fly
                  | rF- Int+7}.
   898 | D:2      | Reached skill level 3 in Fighting
   901 | D:2      | Reached XP level 4. HP: 28/28 MP: 4/4
  1178 | D:2      | Found a white marble altar of Elyvilon.
  1209 | D:2      | Noticed Terence
  1217 | D:2      | Killed Terence
  1326 | D:2      | 1326 ||| UPGRADING to +0 ring mail.
  1336 | D:2      | 1336 ||| DROPPING +0 leather armour.
  1337 | D:2      | 1337 ||| READING scroll labelled MEPTUM PALA.
  1338 | D:2      | 1338 ||| READING scroll labelled FOLUKL MEUHER.
  1339 | D:2      | 1339 ||| READING scroll labelled ONEURUPSAE.
  1340 | D:2      | 1340 ||| READING scroll labelled REPPU IKAB.
  1341 | D:2      | 1341 ||| READING scroll labelled CITSIT IMOQEL.
  1499 | D:3      | Noticed Grinder
  1501 | D:3      | 1501 ||| STAIRDANCE
  1533 | D:3      | Killed Grinder
  1534 | D:3      | Reached XP level 5. HP: 32/32 MP: 5/5
  1534 | D:3      | Reached XP level 6. HP: 37/37 MP: 6/6
  1541 | D:3      | Noticed Ijyb
  1545 | D:3      | Killed Ijyb
  1611 | D:3      | 1611 ||| READING 2 scrolls labelled NUTUID RYSK.
  1612 | D:3      | 1612 ||| READING 2 scrolls of identify.
  1612 | D:3      | 1612 ||| IDENTIFYING purple potion
  1613 | D:3      | 1613 ||| DROPPING scroll of immolation.
  1699 | D:3      | Noticed Natasha
  1702 | D:3      | Killed Natasha
  1703 | D:3      | Reached skill level 6 in Ranged Weapons
  1843 | D:4      | 1843 ||| PLANNING SEWER
  2133 | D:4      | Reached XP level 7. HP: 24/43 MP: 3/7
  2187 | D:4      | 2187 ||| FLEEEEING.
  2188 | D:4      | 2188 ||| FLEEEEING.
  2189 | D:4      | 2189 ||| FLEEEEING.
  2190 | D:4      | 2190 ||| FLEEEEING.
  2451 | D:4      | 2451 ||| RIP SEWER
  2461 | D:4      | 2461 ||| PLANNING D:1-11
  2546 | D:4      | 2546 ||| READING 3 scrolls labelled XUX KAL OJ YMA.
  2547 | D:4      | 2547 ||| DROPPING 2 scrolls of fog.
  2613 | D:5      | Entered Level 5 of the Dungeon
  2786 | D:5      | Reached skill level 7 in Ranged Weapons
  2800 | D:5      | Found an ornate altar of the Wu Jian Council.
  2801 | D:5      | Found a basalt altar of Yredelemnul.
  2801 | D:5      | Found an iron altar of Okawaru.
  2801 | D:5      | Found a sparkling altar of Nemelex Xobeh.
  2802 | D:5      | 2802 ||| PLANNING OKAWARU WORSHIP
  2802 | D:5      | 2802 ||| READING 3 scrolls labelled IHABUGGAUQ.
  2803 | D:5      | 2803 ||| DROPPING 2 scrolls of blinking.
  2810 | D:5      | Became a worshipper of Warmaster Okawaru
  2811 | D:5      | 2811 ||| PLANNING D:1-11
  2811 | D:5      | 2811 ||| REMOVING amulet of guardian spirit.
  2910 | D:5      | 2910 ||| FLEEEEING.
  2911 | D:5      | 2911 ||| DRINKING potion of curing.
  2911 | D:5      | 2911 ||| (to cure confusion)
  2920 | D:5      | 2920 ||| FLEEEEING.
  2921 | D:5      | 2921 ||| FLEEEEING.
  2922 | D:5      | 2922 ||| FLEEEEING.
  2923 | D:5      | 2923 ||| FLEEEEING.
  2924 | D:5      | 2924 ||| FLEEEEING.
  2925 | D:5      | 2925 ||| FLEEEEING.
  2926 | D:5      | 2926 ||| FLEEEEING.
  2929 | D:5      | 2929 ||| FLEEEEING.
  2930 | D:5      | 2930 ||| FLEEEEING.
  2931 | D:5      | 2931 ||| FLEEEEING.
  2932 | D:5      | 2932 ||| FLEEEEING.
  2937 | D:5      | 2937 ||| FLEEEEING.
  2938 | D:5      | 2938 ||| FLEEEEING.
  2940 | D:5      | Reached XP level 8. HP: 29/48 MP: 8/8
  2940 | D:5      | 2940 ||| FLEEEEING.
  2941 | D:5      | 2941 ||| FLEEEEING.
  2942 | D:5      | 2942 ||| FLEEEEING.
  2943 | D:5      | 2943 ||| FLEEEEING.
  2944 | D:5      | 2944 ||| FLEEEEING.
  2945 | D:5      | 2945 ||| FLEEEEING.
  2946 | D:5      | 2946 ||| FLEEEEING.
  2951 | D:5      | 2951 ||| FLEEEEING.
  2952 | D:5      | 2952 ||| FLEEEEING.
  2953 | D:5      | 2953 ||| FLEEEEING.
  2954 | D:5      | 2954 ||| FLEEEEING.
  2955 | D:5      | 2955 ||| FLEEEEING.
  2956 | D:5      | 2956 ||| FLEEEEING.
  2957 | D:5      | 2957 ||| FLEEEEING.
  2958 | D:5      | 2958 ||| FLEEEEING.
  2959 | D:5      | 2959 ||| FLEEEEING.
  2960 | D:5      | 2960 ||| FLEEEEING.
  2961 | D:5      | 2961 ||| FLEEEEING.
  2962 | D:5      | 2962 ||| FLEEEEING.
  2963 | D:5      | 2963 ||| FLEEEEING.
  2964 | D:5      | 2964 ||| FLEEEEING.
  2965 | D:5      | 2965 ||| FLEEEEING.
  2966 | D:5      | 2966 ||| FLEEEEING.
  2967 | D:5      | 2967 ||| FLEEEEING.
  2968 | D:5      | 2968 ||| FLEEEEING.
  2969 | D:5      | 2969 ||| FLEEEEING.
  2972 | D:5      | 2972 ||| STAIRDANCE
  3014 | D:5      | Reached skill level 8 in Ranged Weapons
  3557 | D:5      | Found a glowing golden altar of the Shining One.
  3557 | D:5      | Found a white marble altar of Elyvilon.
  3559 | D:5      | Found a shimmering altar of Xom.
  3559 | D:5      | Found a sacrificial altar of Ru.
  3675 | D:5      | 3675 ||| UPGRADING to +0 pair of boots.
  3680 | D:5      | 3680 ||| READING 2 scrolls labelled UFORONW PODGHEFUSY.
  3781 | D:5      | 3781 ||| DROPPING scroll of silence.
  3831 | D:6      | Found a stormy altar of Qazlal.
  3835 | D:6      | 3835 ||| STAIRDANCE
  3847 | D:5      | Reached * piety under Okawaru
  3894 | D:6      | Reached skill level 1 in Invocations
  3894 | D:6      | 3894 ||| INVOKING Heroism.
  3943 | D:6      | 3943 ||| INVOKING Heroism.
  3989 | D:6      | Reached skill level 9 in Ranged Weapons
  4039 | D:6      | Found a staircase to the Ecumenical Temple.
  4048 | D:6      | 4048 ||| READING scroll labelled FUIGUE OHOARCHU.
  4049 | D:6      | 4049 ||| FLEEEEING.
  4050 | D:6      | 4050 ||| FLEEEEING.
  4051 | D:6      | 4051 ||| FLEEEEING.
  4052 | D:6      | 4052 ||| FLEEEEING.
  4060 | D:6      | Identified the +0 leather armour "Jecwaath" {+Blink Regen+
                  | rCorr}
  4187 | D:6      | Reached XP level 9. HP: 55/55 MP: 11/11
  4199 | D:6      | 4199 ||| INVOKING Heroism.
  4200 | D:6      | 4200 ||| Stepping ~*~*~tactically~*~*~ (cloud).
  4211 | D:6      | Reached skill level 6 in Fighting
  4211 | D:6      | Reached skill level 3 in Invocations
  4444 | D:6      | 4444 ||| UPGRADING to +0 leather armour "Jecwaath" {+Blink
                  | Regen+ rCorr}.
  4454 | D:6      | 4454 ||| DROPPING +0 ring mail.
  4455 | D:6      | 4455 ||| READING scroll labelled PODOCK DOOWKOT.
  4456 | D:6      | 4456 ||| READING scroll labelled YMPEITO PANLOIDGH.
  4475 | D:7      | 4475 ||| STAIRDANCE
  4681 | D:7      | Noticed Duvessa
  4681 | D:7      | Noticed Dowan
  4682 | D:7      | 4682 ||| INVOKING Heroism.
  4685 | D:7      | Killed Dowan
  4695 | D:7      | Killed Duvessa
  4824 | D:7      | Reached skill level 10 in Ranged Weapons
  4851 | D:7      | 4851 ||| INVOKING Heroism.
  4860 | D:7      | Reached skill level 3 in Dodging
  4978 | D:7      | Noticed Maggie
  4986 | D:7      | 4986 ||| INVOKING Heroism.
  4987 | D:7      | Killed Maggie
  4989 | D:7      | 4989 ||| FLEEEEING.
  4990 | D:7      | 4990 ||| FLEEEEING.
  4991 | D:7      | 4991 ||| FLEEEEING.
  4992 | D:7      | 4992 ||| FLEEEEING.
  4993 | D:7      | 4993 ||| FLEEEEING.
  4994 | D:7      | 4994 ||| FLEEEEING.
  4995 | D:7      | 4995 ||| FLEEEEING.
  4996 | D:7      | 4996 ||| FLEEEEING.
  4997 | D:7      | 4997 ||| FLEEEEING.
  4998 | D:7      | 4998 ||| FLEEEEING.
  4999 | D:7      | 4999 ||| FLEEEEING.
  5006 | D:7      | 5006 ||| INVOKING Heroism.
  5081 | D:7      | 5081 ||| Stepping ~*~*~tactically~*~*~ (outnumbered).
  5084 | D:7      | 5084 ||| Stepping ~*~*~tactically~*~*~ (outnumbered).
  5088 | D:7      | 5088 ||| Stepping ~*~*~tactically~*~*~ (outnumbered).
  5092 | D:7      | 5092 ||| Stepping ~*~*~tactically~*~*~ (outnumbered).
  5453 | D:7      | 5453 ||| INVOKING Heroism.
  5514 | D:7      | 5514 ||| DROPPING +2 robe of positive energy.
  5515 | D:7      | 5515 ||| DRINKING 2 yellow potions.
  5516 | D:7      | 5516 ||| DRINKING 2 sedimented white potions.
  5517 | D:7      | 5517 ||| READING 3 scrolls of identify.
  5517 | D:7      | 5517 ||| IDENTIFYING blue potion
  5518 | D:7      | 5518 ||| READING 2 scrolls of identify.
  5518 | D:7      | 5518 ||| IDENTIFYING green potion
  5519 | D:7      | 5519 ||| DROPPING potion of brilliance.
  5520 | D:7      | 5520 ||| DROPPING potion of enlightenment.
  5547 | D:8      | 5547 ||| INVOKING Heroism.
  5548 | D:8      | 5548 ||| Stepping ~*~*~tactically~*~*~ (outnumbered).
  5562 | D:8      | 5562 ||| STAIRDANCE
  5564 | D:7      | 5564 ||| INVOKING Heroism.
  5570 | D:7      | Reached skill level 11 in Ranged Weapons
  5570 | D:7      | Reached XP level 10. HP: 26/63 MP: 10/13
  5635 | D:8      | 5635 ||| DRINKING potion of curing.
  5635 | D:8      | 5635 ||| (to cure confusion)
  5670 | D:8      | 5670 ||| DROPPING +0 shortbow.
  5671 | D:8      | 5671 ||| UPGRADING to +0 orcbow.
  5672 | D:8      | 5672 ||| DROPPING +5 sling of Egomania {heavy, Drain Fly
                  | rF- Int+7}.
  5728 | D:8      | Found a blossoming altar of Fedhas.
  5751 | D:8      | 5751 ||| READING scroll labelled JUZ JA KUSIMM.
  5808 | D:8      | You fall into a shaft and drop 2 floors!
  5808 | D:10     | Entered Level 10 of the Dungeon
  5808 | D:10     | Found a staircase to the Orcish Mines.
  5824 | D:10     | 5824 ||| INVOKING Heroism.
  5828 | D:10     | HP: 7/53 [orc warrior/+0 halberd (11)]
  5830 | D:10     | HP: 1/53 [orc warrior/+0 halberd (8)]
  5834 | D:10     | 5834 ||| Stepping ~*~*~tactically~*~*~ (outnumbered).
  5835 | D:10     | Slain by an orc warrior

Levels and vault maps discovered:
D:1:      mrwooster_arrival_statue_3, layout_basic
D:2:      layout_loops_ring, basic_altar, kennysheep_generic_room_11,
          uniq_terence
D:3:      layout_basic, nrook_mini_vaults, uniq_natasha, uniq_grinder, uniq_ijyb
D:4:      layout_gridville, gup_sewer_entry_bubbles, lightli_corner_chamber
D:5:      layout_basic, chequers_temple_overflow_statue_of_worship,
          mainiacjoe_overflow_alcove_3
D:6:      layout_basic, nicolae_overflow_crystal_walls,
          minmay_temple_entry_stoned_glass
D:7:      layout_loops_corners, uniq_crazy_yiuf_cottage, uniq_duvessa,
          uniq_maggie
D:8:      layout_rooms, amcnicky_altar_gilded, amethyst_killhole,
          minmay_gold_behind_fungi
D:10:     layout_cave_pods, david_orc_1_choice, enter_bailey_5

Skill      XL: |  1  2  3  4  5  6  7  8  9 10 |
---------------+-------------------------------+-----
Ranged Weapons | 5 6 7 9 11 | 11.5
Fighting       | 3 4 5 7 8 |  8.0
Armour         | 4 |  4.6
Dodging        | 2 3 |  3.0
Invocations    | 2 4 |  4.0
Stealth        | |  1.1

Action                     |  1- 3 |  4- 6 |  7- 9 | 10-12 || total
---------------------------+-------+-------+-------+-------++-------
   Fire: Shortbow          |    91 |       |       |       ||    91
         Sling             |     7 |    93 |   304 |    37 ||   441
         Orcbow            |       |       |       |    14 ||    14
 Invoke: Heroism           |       |       |    10 |     1 ||    11
    Use: Scroll            |     1 |     7 |     8 |     1 ||    17
         Potion            |       |       |     3 |     1 ||     4
 Armour: Leather armour    |    19 |     2 |    71 |    28 ||   120
         Ring mail         |       |    26 |    60 |       ||    86
  Dodge: Dodged            |    23 |    37 |   159 |    22 ||   241

Table legend:
 A = Non-vault XP
 B = Vault XP
 C = Vault XP percentage of total XP
 D = Non-vault monster count
 E = Vault monster count
 F = Vault count percentage of total count
                 A         B        C        D         E       F
            +---------+---------+-------+---------+---------+-------
      Total |    4609 |    1178 |  20.4 |     160 |      16 |   9.1
            +---------+---------+-------+---------+---------+-------
        D:1 |      28 |       0 |   0.0 |      16 |       0 |   0.0
        D:2 |      89 |      34 |  27.6 |      22 |       2 |   8.3
        D:3 |      25 |     352 |  93.4 |      11 |       3 |  21.4
        D:4 |     220 |      19 |   7.9 |      17 |       7 |  29.2
        D:5 |     895 |       0 |   0.0 |      18 |       0 |   0.0
        D:6 |    1150 |       0 |   0.0 |      27 |       0 |   0.0
        D:7 |    1220 |     608 |  33.3 |      34 |       3 |   8.1
        D:8 |     982 |       0 |   0.0 |      15 |       0 |   0.0
       D:10 |       0 |     165 | 100.0 |       0 |       1 | 100.0
            +---------+---------+-------+---------+---------+-------
